 Dungeon Crawl Stone Soup version 0.30-a0-737-gf23d94013f (webtiles) character file.

Game seed: 435837302491005146

4 Bogdanelli the Cudgeller (level 1, -1/18 HPs)
             Began as a Human Berserker on Feb 2, 2023.
             Was a Follower of Trog.
             Slain by a quokka (3 damage)
             ... on level 1 of the Dungeon.
             The game lasted 00:02:17 (139 turns).

Bogdanelli the Cudgeller (Human Berserker)           Turns: 139, Time: 00:02:18

Health: -1/18      AC:  2    Str: 17    XL:     1   Next: 66%
Magic:  1/1        EV: 12    Int:  7    God:    Trog [*.....]
Gold:   9          SH:  0    Dex: 12    Spells: 0/0 levels left

rFire   . . .      SeeInvis .    a - +0 mace
rCold   . . .      Faith    .    (no shield)
rNeg    . . .      Spirit   .    b - +0 animal skin
rPois   .          Reflect  .    (no helmet)
rElec   .          Harm     .    (no cloak)
rCorr   .          Rampage  .    (no gloves)
Will    .....                    (no boots)
Stlth   +                        (no amulet)
HPRegen 0.23/turn                (no ring)
MPRegen 0.07/turn                (no ring)

@: no status effects
A: no striking features
a: Renounce Religion, Berserk


You were on level 1 of the Dungeon.
You worshipped Trog.
Trog was aware of your devotion.
You visited 1 branch of the dungeon, and saw 1 of its levels.

You collected 9 gold pieces.

Inventory:

Hand Weapons
 a - a +0 mace (weapon)
Armour
 b - a +0 animal skin (worn)


   Skills:
 + Level 3.0 Fighting
 + Level 3.1 Maces & Flails
 + Level 2.0 Armour
 + Level 2.0 Dodging


You couldn't memorise any spells.
You didn't know any spells.
Your spell library was empty.

Dungeon Overview and Level Annotations

Branches:
Dungeon (1/15)

Altars:


Message History

Zot will find you in 5896 turns if you stay in this branch and explore no new floors.
Okay, then.
Found a book of Changes.
Found a pair of boots.
You see here a book of Changes.
Unknown command.
You see here a book of Changes.
You see here a book of Changes.
Found a blackened jade ring.
A quokka comes into view.
A quokka is nearby!
A quokka is nearby!
A quokka is nearby!
A quokka is nearby!
A quokka is nearby!
A quokka is nearby!
A kobold comes into view. It is wielding a +0 club.
You see here a +0 pair of boots.
The kobold shouts!
You hear a shout!
The quokka bites you. The quokka barely misses you.
The quokka completely misses you.
You barely miss the quokka. The quokka bites you.
The kobold closely misses you.
You hit the kobold.
You kill the kobold!
Trog accepts your kill. The quokka bites you. The quokka closely misses you.
You hit the quokka.
The quokka is heavily wounded.
The quokka barely misses you. The quokka bites you.
You see here a +0 club.
The quokka bites you.
* * * LOW HITPOINT WARNING * * *
The quokka barely misses you. x2
The quokka attacks as you move away! The quokka barely misses you.
The quokka bites you.
* * * LOW HITPOINT WARNING * * *
The quokka attacks as you move away! The quokka bites you.
You die...

##..##...............
.#..##........#....#####.
......:..................
##...###..#...#.......#
#...# #.##...[.......#
#...............)....#
#...###.....##.......#
#... ####..##.=r....#.#
#... #.....@........ ....
.........#......
................
##..............#
#.##.....#...... .
..#.##.......# .....
..##.##.# ..... #.# ..


You could see a quokka.

Vanquished Creatures
  A ball python (D:1)
  A giant cockroach (D:1)
  A kobold (D:1)
3 creatures vanquished.

Notes
Turn   | Place    | Note
-------+----------+-------------------------------------------
     0 | D:1      | Bogdanelli the Human Berserker began the quest for the Orb.
     0 | D:1      | Reached XP level 1. HP: 18/18 MP: 1/1
   139 | D:1      | Slain by a quokka

Illustrated notes

Levels and vault maps discovered:
D:1:      dpeg_arrival_lava_altar, layout_basic

Action                     || total
---------------------------++-------
  Melee: Mace              ||    10
         Punch             ||     1
 Armour: Animal skin       ||     2
  Dodge: Dodged            ||    13

Table legend: (Time is in decaauts)
 A = Elapsed time spent in this place.
 B = Non-inter-level travel time spent in this place.
 C = Inter-level travel time spent in this place.
 D = Time resting spent in this place.
 E = Time spent auto-exploring this place.
 F = Levels seen in this place.
 G = Mean time per level.
                   A        B        C        D        E       F      G
               +--------+--------+--------+--------+--------+-----+--------+
         Total |    141 |    141 |      0 |      0 |      0 |   1 |  141.0 |
       Dungeon |    141 |    141 |      0 |      0 |      0 |   1 |  141.0 |
               +--------+--------+--------+--------+--------+-----+--------+

Top non-repeatable levels by time:
     D:1: 141 daAuts
